 Dungeon Crawl Stone Soup version 0.26-a0-652-gafc20e3620 (webtiles) character file.

Game seed: 7292444087721127384

87 Kraken2834 the Chopper (level 4, -6/41 HPs)
             Began as a Hill Orc Monk on Oct 1, 2020.
             Killed from afar by a white imp (7 damage)
             ... with a puff of frost
             ... summoned by Natasha
             ... on level 1 of the Dungeon.
             The game lasted 00:11:37 (1682 turns).

Kraken2834 the Chopper (Hill Orc Monk)              Turns: 1682, Time: 00:11:38

Health: -6/41      AC: 10    Str: 14    XL:     4   Next: 51%
Magic:  4/4        EV:  4    Int: 10    God:
Gold:   55         SH:  0    Dex: 13    Spells: 3/3 levels left

rFire    . . .     SeeInvis .   a - +1 hand axe
rCold    . . .     Faith    .   (no shield)
rNeg     . . .     Spirit   .   c - +0 plate armour (curse)
rPois    .         Reflect  .   (no helmet)
rElec    .         Harm     .   (no cloak)
rCorr    .         Rampage  .   (no gloves)
MR       .....                  (no boots)
Stlth    ..........             h - amulet of inaccuracy (curse)
HPRegen  0.13/turn              (no ring)
MPRegen  0.09/turn              (no ring)

@: slowed, very slow
A: no striking features
a: no special abilities


You were on level 1 of the Dungeon.
You visited 1 branch of the dungeon, and saw 2 of its levels.

You collected 55 gold pieces.

Inventory:

Hand Weapons
 a - a +1 hand axe (weapon)
Armour
 c - a cursed +0 plate armour (worn)
Jewellery
 b - an uncursed amulet of faith
 g - an uncursed amulet of regeneration
 h - a cursed amulet of inaccuracy (around neck)
Scrolls
 f - a scroll of identify
Potions
 d - 2 potions of mutation
 e - a potion of magic


   Skills:
 * Level 4.9 Fighting
 + Level 5.4 Axes
 + Level 1.1 Armour
 - Level 2.4 Dodging
 - Level 1.5 Stealth


You had 3 spell levels left.
You didn't know any spells.
Your spell library was empty.

Dungeon Overview and Level Annotations

Branches:
Dungeon (2/15)

Altars:

Annotations:
D:1 Natasha


Message History

You barely miss the white imp. Natasha casts a spell at you.
You feel yourself slow down.
The white imp hits you but does no damage.
You hit Natasha.
Natasha is almost dead.
You closely miss the white imp. Natasha claws you.
The white imp hits you but does no damage.
Natasha claws you but does no damage.
You closely miss Natasha.
Natasha is almost dead.
You closely miss the white imp. The white imp gestures at you.
The puff of frost hits you!
* * * LOW HITPOINT WARNING * * *
Natasha claws you.
* * * LOW HITPOINT WARNING * * *
The white imp gestures at you. The puff of frost hits you!
You die...

##.##.#######
###...#.#####
#...........#
#.#...#####.#
###########.##.######.###
#............#.##....#...
#.######.......##.###.###
#.# #.......##.# #.# #
#.# ##@......##.# #.# #
#.# #5h......##.###.# #.#
#........##.....# # #.#
##........######.# #
#.####.............##.# #
#....(.(.....#####.##.# #
######...##### #.##.###
##)## #.##.##8 #[#
##.##..##


You could see Natasha and a white imp (summoned).

Vanquished Creatures
  2 adders (D:2)
  2 oozes
  2 dart slugs
  A leopard gecko (D:1)
  5 giant cockroaches
  2 goblins
  9 hobgoblins
  7 jackals
  4 kobolds (D:1)
  A ball python (D:1)
  7 bats
  4 frilled lizards
  8 rats
54 creatures vanquished.

Notes
Turn   | Place    | Note
-------+----------+-------------------------------------------
     0 | D:1      | Kraken2834 the Hill Orc Monk began the quest for the Orb.
     0 | D:1      | Reached XP level 1. HP: 19/19 MP: 1/1
   308 | D:1      | Reached XP level 2. HP: 19/27 MP: 2/2
   605 | D:1      | Reached XP level 3. HP: 33/34 MP: 3/3
  1109 | D:2      | Reached skill level 5 in Axes
  1277 | D:2      | Reached XP level 4. HP: 35/41 MP: 4/4
  1358 | D:2      | Reached skill level 1 in Armour
  1657 | D:2      | Noticed Natasha
  1682 | D:1      | HP: 1/41 [Natasha (5)]
  1682 | D:1      | Killed from afar by a white imp

Illustrated notes

Levels and vault maps discovered:
D:1:      heliophobic_arrival_dark_side_of_the_moon, layout_loops_ring
D:2:      layout_basic, uniq_terence, uniq_natasha

Skill      XL: |  1  2  3  4 |
---------------+-------------+-----
Fighting       | 4 |  4.9
Axes           | 5 |  5.4
Armour         | 1 |  1.1
Dodging        | |  2.4
Stealth        | |  1.5

Action                   |  1- 3 |  4- 6 || total
-------------------------+-------+-------++-------
Melee: Hand axe          |   138 |    74 ||   212
  Use: Potion            |     4 |     1 ||     5
       Scroll            |     3 |     1 ||     4
 Stab: Sleeping          |     1 |       ||     1
Armor: Plate armour      |   101 |    58 ||   159
       Robe              |     2 |       ||     2
Dodge: Dodged            |    35 |    13 ||    48

Table legend: (Time is in decaauts)
 A = Elapsed time spent in this place.
 B = Non-inter-level travel time spent in this place.
 C = Inter-level travel time spent in this place.
 D = Time resting spent in this place.
 E = Time spent auto-exploring this place.
 F = Levels seen in this place.
 G = Mean time per level.
                   A        B        C        D        E       F      G
               +--------+--------+--------+--------+--------+-----+--------+
         Total |   1695 |   1672 |     23 |    195 |    950 |   2 |  847.5 |
       Dungeon |   1695 |   1672 |     23 |    195 |    950 |   2 |  847.5 |
               +--------+--------+--------+--------+--------+-----+--------+

Top non-repeatable levels by time:
     D:1: 1100 daAuts
     D:2: 594 daAuts
